Map: Seething Jungle

Players

maxan

  • Race: Protoss Protoss
  • Spawn Location: 12:00

Derral

  • Race: Protoss Protoss
  • Spawn Location: 1:00

DELIMITY - Winner!

  • Race: Zerg Zerg
  • League: Silver
  • Spawn Location: 7:00

Manta - Winner!

  • Race: Zerg Zerg
  • League: Silver
  • Spawn Location: 6:00

VOD

Have the link to the VOD?

Description

Time

  • Played on: Feb. 14, 2016, 4:37 p.m.
  • Length: 13:52
Show
View Real Time Build Order
Export as new Build Order

maxan Protoss 

Build Orders:  

Get SALT Encoding   

  12  1:29  Probe (Chrono Boost)  
  13  1:37  Pylon  
  13  1:39  Probe (Chrono Boost)  
  14  1:42  Pylon  
  15  2:08  Assimilator, Probe (Chrono Boost)  
  15  2:12  Assimilator  
  15  2:19  Probe (Chrono Boost)  
  15  2:29  Probe (Chrono Boost)  
  8  2:40  Probe (Chrono Boost)  
    3:59  Probe (Chrono Boost)  
  2  4:10  Probe (Chrono Boost)  
  2  4:20  Probe (Chrono Boost)  
  3  4:31  Probe (Chrono Boost)  
  4  4:41  Probe (Chrono Boost)  
  5  4:52  Probe (Chrono Boost)  
  6  5:03  Probe (Chrono Boost)  
  7  5:13  Probe (Chrono Boost)  
  8  5:24  Probe (Chrono Boost)  
  9  5:34  Probe (Chrono Boost)  
  10  5:45  Probe (Chrono Boost)  
  11  5:55  Probe (Chrono Boost)  
  12  6:06  Probe (Chrono Boost)  
  13  6:21  Probe (Chrono Boost)  
  14  6:31  Probe (Chrono Boost)  
  15  6:42  Probe (Chrono Boost)  
  16  7:18  Probe (Chrono Boost)  
  17  7:29  Probe (Chrono Boost)  
  18  7:39  Probe (Chrono Boost)  
  19  8:44  Probe (Chrono Boost)  
Show
View Real Time Build Order
Export as new Build Order

Derral Protoss 

Build Orders:  

Get SALT Encoding   

  12  0:02  Probe (Chrono Boost)  
  13  0:12  Probe (Chrono Boost)  
  14  0:20  Pylon  
  14  0:26  Probe (Chrono Boost)  
  15  0:31  Assimilator  
  15  0:35  Pylon  
  15  0:40  Pylon  
  15  0:44  Pylon  
  16  0:50  Probe (Chrono Boost)  
  16  0:57  Gateway  
  16  1:00  Gateway  
  16  1:03  Gateway  
  16  1:17  Forge  
  16  1:25  Pylon  
  16  1:50  Cybernetics Core  
  16  1:58  Photon Cannon  
  16  1:59  Photon Cannon  
  16  2:01  Photon Cannon  
  16  2:03  Photon Cannon  
  16  2:04  Photon Cannon  
  16  2:12  Probe (Chrono Boost)  
  16  2:21  Zealot x3  
  16  2:22  Probe (Chrono Boost)  
  23  2:33  Probe (Chrono Boost)  
  24  2:38  Assimilator  
  23  3:35  Photon Cannon  
  23  3:36  Photon Cannon  
  23  3:38  Photon Cannon  
  23  3:42  Photon Cannon  
  23  3:43  Stalker x2  
  23  3:44  Stalker  
  29  4:07  Photon Cannon  
  29  4:16  Pylon  
  29  4:20  Pylon  
  29  4:22  Stalker  
  31  5:02  Protoss Shields Level 1  
  31  5:08  Forge  
  31  5:13  Stargate  
  31  5:35  Photon Cannon  
  31  5:38  Pylon  
  31  5:42  Protoss Ground Weapons Level 1  
  31  5:46  Probe (Chrono Boost)  
  32  5:56  Probe (Chrono Boost)  
  33  6:04  Photon Cannon  
  33  6:17  Probe (Chrono Boost)  
  34  6:18  Photon Cannon  
  34  6:27  Probe (Chrono Boost)  
  35  6:36  Photon Cannon  
  35  6:38  Probe (Chrono Boost)  
  36  6:50  Stargate  
  36  6:54  Stargate  
  36  7:16  Stargate  
  36  7:31  Protoss Air Weapons Level 1  
  36  7:43  Void Ray  
  36  7:44  Void Ray x2, Twilight Council  
  48  8:00  Void Ray  
  52  8:26  Void Ray  
  56  8:27  Void Ray  
  60  8:37  Void Ray  
  64  8:47  Zealot  
  64  8:48  Zealot x2  
  70  9:00  Void Ray  
  74  9:15  Zealot x2  
  78  9:32  Pylon  
  78  9:36  Pylon  
  78  9:50  Zealot x3  
  80  10:18  Zealot  
  58  10:56  Void Ray x2  
  58  10:57  Void Ray  
  70  11:08  Pylon  
  70  11:10  Pylon  
  69  11:25  Void Ray  
  62  11:39  Void Ray  
  65  11:41  Void Ray  
  69  12:02  Pylon  
  69  12:12  Pylon  
  69  12:13  Pylon  
Show
View Real Time Build Order
Export as new Build Order

DELIMITY Zerg - Winner!

Build Orders: Pool First 

Get SALT Encoding   

  12  0:01  Drone  
  13  0:09  Drone  
  14  0:27  Spawning Pool  
  13  0:35  Overlord  
  13  0:38  Drone  
  14  0:48  Overlord  
  14  0:55  Drone  
  14  0:56  Extractor  
  14  1:00  Drone  
  15  1:14  Zergling x2  
  15  1:17  Queen  
  18  1:20  Drone  
  19  1:31  Zergling x2  
  21  1:54  Zergling x4  
  22  2:01  Zergling x2  
  22  2:05  Metabolic Boost  
  23  2:12  Zergling x2  
  23  2:37  Zergling x8  
  27  2:55  Zergling x2  
  27  2:57  Zergling x2  
  29  3:03  Evolution Chamber  
  29  3:04  Hatchery  
  22  3:22  Zergling x8  
  26  3:34  Drone  
  27  3:47  Drone  
  28  3:59  Zergling x4  
  28  4:01  Overlord x2  
  30  4:05  Extractor  
  29  4:21  Hatchery  
  28  4:25  Drone x3  
  28  4:26  Drone x2  
  28  4:29  Drone x2  
  35  4:32  Drone  
  36  4:49  Overlord  
  36  4:53  Overlord x2  
  36  4:54  Overlord x3  
  36  5:10  Drone  
  36  5:11  Drone x3  
  40  5:23  Drone, Roach Warren  
  40  5:24  Drone  
  41  5:29  Drone  
  41  5:34  Drone  
  43  5:36  Drone  
  43  5:37  Drone  
  45  5:44  Queen  
  47  5:54  Drone x3  
  50  5:57  Extractor  
  50  6:00  Extractor  
  50  6:04  Drone x3  
  51  6:05  Drone  
  51  6:08  Drone  
  51  6:10  Drone  
  54  6:13  Drone  
  54  6:15  Drone  
  56  6:28  Queen, Roach Warren  
  57  6:35  Lair  
  57  6:38  Overlord  
  57  6:50  Baneling Nest  
  57  6:52  Drone  
  57  6:53  Drone x2  
  57  6:54  Drone x4  
  61  6:59  Drone x3  
  66  7:10  Lair  
  66  7:15  Roach x4  
  74  7:17  Roach  
  74  7:21  Roach  
  74  7:22  Roach  
  80  7:40  Roach x3, Spire  
  80  7:41  Roach x3  
  91  7:51  Baneling x3  
  91  7:52  Baneling x7  
  91  7:53  Baneling x7  
  91  7:58  Glial Reconstitution  
  91  8:12  Centrifical Hooks  
  91  8:30  Drone x4  
  91  8:31  Drone  
  96  8:38  Extractor  
  96  8:41  Drone x4, Extractor  
  98  8:42  Overlord  
  98  8:43  Overlord x3  
  98  8:55  Overlord x5  
  98  9:01  Ravager x6  
  98  9:02  Ravager  
  105  9:16  Roach x3  
  113  9:17  Roach  
  113  9:18  Zergling x2, Roach  
  113  9:19  Zergling x2  
  117  9:26  Hatchery  
  117  9:29  Overseer  
  117  9:30  Overseer  
  116  9:37  Zerg Melee Weapons Level 1  
  110  10:12  Mutalisk  
  110  10:13  Mutalisk x4  
  106  10:14  Mutalisk  
  106  10:20  Zergling x4  
  106  10:21  Zergling x12  
  105  10:22  Zergling x12  
  105  10:23  Zergling x2  
  93  10:47  Mutalisk  
  93  10:48  Mutalisk x4  
  97  10:50  Zergling x4  
  97  10:55  Drone x2  
  97  10:56  Mutalisk  
  102  11:06  Mutalisk x2  
  102  11:08  Zergling x4  
  89  11:34  Mutalisk  
  89  11:35  Mutalisk x4  
  91  11:44  Zerg Ground Armor Level 1  
  90  11:49  Spore Crawler  
  90  11:50  Evolution Chamber, Spore Crawler  
  90  11:51  Spore Crawler  
  90  11:53  Spore Crawler x2  
  81  11:55  Spore Crawler  
  81  11:58  Spore Crawler  
  81  12:00  Spore Crawler  
  78  12:03  Drone x3, Spore Crawler  
  78  12:06  Extractor  
  78  12:08  Extractor  
  78  12:14  Mutalisk x3  
  78  12:15  Mutalisk x2  
  88  12:18  Zergling x12  
  88  12:19  Zergling x14  
  88  12:20  Zergling x6  
  104  12:29  Drone  
  105  12:30  Drone x4  
  91  12:50  Hydralisk Den  
  72  13:12  Mutalisk x5  
  76  13:13  Mutalisk  
  76  13:16  Zergling x2  
  76  13:17  Zergling x8  
  76  13:18  Zergling x12  
  76  13:19  Zergling x2  
Show
View Real Time Build Order
Export as new Build Order

Manta Zerg - Winner!

Build Orders: Pool First 

Get SALT Encoding   

  12  0:02  Drone  
  13  0:22  Extractor  
  13  0:25  Spawning Pool  
  11  0:33  Drone x2  
  13  0:44  Overlord  
  13  0:53  Drone  
  14  1:12  Zergling x2  
  14  1:13  Zergling x2  
  14  1:17  Zergling x2  
  17  1:23  Metabolic Boost  
  17  1:30  Zergling x2  
  18  1:35  Queen  
  20  1:40  Zergling x2  
  21  1:49  Zergling x2  
  22  2:07  Overlord  
  22  2:26  Zergling x4  
  24  2:36  Zergling x2  
  22  3:04  Overlord x2  
  17  3:27  Lair  
  17  3:40  Hatchery  
  16  3:46  Drone x3  
  19  3:50  Extractor  
  18  4:27  Queen  
  18  4:30  Drone x3, Spire  
  22  4:53  Drone x2  
  22  4:54  Drone x3  
  27  5:08  Drone  
  27  5:09  Drone x2  
  27  5:10  Drone  
  31  5:43  Queen  
  31  5:46  Drone  
  31  5:47  Drone x2  
  36  5:52  Overlord  
  36  6:12  Hatchery  
  36  6:13  Mutalisk  
  36  6:14  Overlord, Mutalisk x2  
  41  6:23  Mutalisk  
  43  6:43  Zerg Flyer Weapons Level 1  
  43  6:45  Overlord  
  43  6:47  Drone x5  
  44  6:48  Drone x2  
  44  6:52  Extractor  
  44  6:54  Extractor  
  48  7:14  Drone x4  
  48  7:15  Mutalisk x3  
  58  7:40  Mutalisk x4  
  58  7:43  Overlord x2  
  66  8:01  Drone x3, Queen  
  66  8:02  Drone x6  
  77  8:23  Drone x3  
  77  8:24  Overlord x2  
  77  8:25  Overlord  
  80  8:28  Drone  
  81  9:00  Drone x2  
  81  9:01  Drone x2  
  85  9:04  Extractor  
  85  9:05  Extractor  
  85  9:07  Drone  
  85  9:08  Drone  
  85  9:15  Queen  
  87  9:18  Hatchery  
  86  9:25  Hatchery  
  85  9:44  Mutalisk x4  
  85  9:45  Mutalisk x6  
  97  9:47  Overlord x3  
  97  9:48  Overlord  
  105  9:59  Queen  
  105  10:06  Mutalisk  
  105  10:07  Mutalisk x4  
  105  10:08  Mutalisk  
  98  11:03  Drone x4  
  98  11:04  Drone, Mutalisk x4  
  103  11:05  Mutalisk x2  
  103  11:08  Drone x5  
  120  11:11  Extractor  
  119  11:35  Mutalisk x3  
  119  11:37  Overlord x4  
  119  11:38  Overlord x2  
  125  11:44  Extractor  
  124  11:58  Queen  
  126  12:01  Overlord x2  
  126  12:03  Overlord x2  
  126  12:04  Queen x3  
  126  12:05  Queen  
  134  12:18  Mutalisk x4  
  142  12:34  Queen  
  144  12:56  Mutalisk  
  144  12:57  Mutalisk x4  
  154  13:26  Mutalisk  
  154  13:27  Mutalisk x2  
  154  13:29  Zergling x10  
  154  13:30  Zergling x14  
  154  13:31  Zergling x12  
  154  13:32  Zergling x12  
  154  13:33  Zergling x6  
  187  13:35  Zergling x6  
Tags
 
Add a new tag
Caveats
  • Supply blocks, unpowered buildings, or Contaminate may cause inaccurate times.
  • Supply counts are checked every 10 seconds.